 Dungeon Sprint DCSS version 0.29-a0-837-g174bc33265 (webtiles) character file.

Game seed: 15134321117685441782

19295 27snakeeyes612 the Shatterer (level 12, -19/139 HPs)
             Began as a Minotaur Berserker on July 13, 2022.
             Was the Champion of Trog.
             Demolished by a vampire knight
             ... wielding a +0 great sword
              (35 damage)
             ... in the Dungeon (Sprint IX: "|||||||||||||||||||||||||||||").
             The game lasted 00:04:45 (2355 turns).

27snakeeyes612 the Shatterer (Minotaur Berserker)   Turns: 2355, Time: 00:04:46

Health: -19/139    AC: 24    Str: 26    XL:     12   Next: 35%
Magic:  11/11      EV: 11    Int:  4    God:    Trog [******]
Gold:   365        SH:  0    Dex: 11    Spells: 11/11 levels left

rFire   . . .      SeeInvis .   w - +8 whip "Snakebite" {venom, curare, rPois}
rCold   . . .      Faith    .   (no shield)
rNeg    . . .      Spirit   .   l - +2 plate armour
rPois   +          Reflect  .   (helmet restricted)
rElec   .          Harm     .   B - +1 cloak {Will+}
rCorr   .          Rampage  .   m - +0 pair of gloves
Will    +++..      NoTele   +   (no boots)
Stlth   ..........              (no amulet)
HPRegen 1.33/turn               o - +2 ring of protection
MPRegen 0.12/turn               (no ring)

@: strong-willed, on berserk cooldown, regenerating, slowed, very slow
A: horns 2, retaliatory headbutt
a: Renounce Religion, Berserk, Trog's Hand, Brothers in Arms


You were in the Dungeon.
You worshipped Trog.
Trog was exalted by your worship.
You visited 1 branch You collected 1938 gold pieces.
You spent 1573 gold pieces at shops.

Inventory:

Hand Weapons
 a - a +0 mace
 k - a +2 vorpal dire flail
 t - a +1 vorpal great mace
 v - a +4 dire flail of flaming
 w - the +8 whip "Snakebite" (weapon) {venom, curare, rPois}
   (You bought it in a shop in the Dungeon)

   It poisons the flesh of those it strikes.
   It occasionally inflicts asphyxiating poison on those it strikes, dealing
   poison damage and causing slowness.
   rPois:     It protects you from poison.
Armour
 l - a +2 plate armour (worn)
 m - a +0 pair of gloves (worn)
 B - a +1 cloak of willpower (worn)
Jewellery
 o - a +2 ring of protection (left hand)
 p - a +3 ring of strength
 x - a ring of ice
 y - a ring of willpower
 z - a ring of willpower
 A - a ring of willpower
Wands
 j - a wand of iceblast (10)
 u - a wand of paralysis (7)
Scrolls
 h - 8 scrolls of blinking
 r - 3 scrolls of fear
 s - 3 scrolls of fog
Potions
 c - 10 potions of curing
 d - 8 potions of heal wounds
 e - a potion of haste
 f - 4 potions of magic
 g - 2 potions of berserk rage
 i - a potion of invisibility
 q - a potion of might


   Skills:
 + Level 22.3 Fighting
 + Level 24.3 Maces & Flails
 + Level 13.7 Armour
 + Level 11.8 Dodging
 + Level 2.2 Stealth


You had 11 spell levels left.
You didn't know any spells.
Your spell library was empty.

Dungeon Overview and Level Annotations

Branches:
Dungeon (1/1)

Altars:
Cheibriados
Dithmenos
Elyvilon
Fedhas
Gozag
Hepliaklqana
Kikubaaqudgha
Makhleb
Nemelex Xobeh
Okawaru
Qazlal
Ru
Sif Muna
Trog
Uskayaw
Vehumet
Wu Jian
Xom
Yredelemnul
Zin
The Shining One
Jiyva
Lugonu

Shops:
D (?*?


Innate Abilities, Weirdness & Mutations

You have a pair of horns on your head.
You reflexively headbutt those who attack you in melee.


Message History

The deep elf pyromancer completely misses you.
Something hits you! Something bites you but does no damage.
The deep elf pyromancer hits you but does no damage.
Something hits you. Something bites you.
Something draws strength from your injuries!
You whack the deep elf pyromancer!
The deep elf pyromancer looks as sick as possible! x2
The deep elf pyromancer convulses.
The deep elf pyromancer seems to slow down.
The deep elf pyromancer is severely wounded.
Something hits you!!
* * * LOW HITPOINT WARNING * * *
Something bites you but does no damage.
You barely miss the deep elf pyromancer.
Your headbutt misses the deep elf pyromancer.
The deep elf pyromancer is severely wounded.
Something hits you but does no damage. Something bites you.
* * * LOW HITPOINT WARNING * * *
Something draws strength from your injuries!
The deep elf pyromancer completely misses you.
You furiously retaliate!
You headbutt the deep elf pyromancer.
You feel much better. Something hits you but does no damage.
Something bites you but does no damage. Something hits you!
* * * LOW HITPOINT WARNING * * *
Something bites you.
* * * LOW HITPOINT WARNING * * *
Something draws strength from your injuries!
The deep elf pyromancer barely misses you.
You whack the deep elf pyromancer!
You kill the deep elf pyromancer!
Trog accepts your kill.
Trog appreciates your killing of a magic user.
Something hits you!
* * * LOW HITPOINT WARNING * * *
Something bites you but does no damage.
A wizard comes into view. It is wielding a +0 dagger.
Something hits you!
* * * LOW HITPOINT WARNING * * *
Something bites you but does no damage. Something hits you!!
You die...

▓_▓.▓.▓.▓.▓.▓.▓
▓_▓.▓.▓.▓.▓.▓.▓
▓_▓.▓.▓.▓.▓.▓.▓
▓_▓.▓.▓.▓.▓.▓.▓
▓_▓.▓.▓.▓.▓.▓.▓
▓_▓.▓.▓.▓)▓.▓.▓
▓'▓.▓)▓.▓)▓.▓.▓
▓.▓.▓.▓)▓)▓.▓)▓
▓?▓.▓.▓.▓.▓.▓@▓
▓)▓.▓†▓.▓)▓.▓(▓
▓.▓.▓.▓.▓)▓.▓D▓
▓.▓.▓.▓.▓∩▓.▓.▓
▓.▓.▓.▓.▓.▓.▓C▓
▓.▓.▓†▓.▓∩▓.▓.▓
▓.▓.▓.▓.▓)▓.▓.▓
▓.▓.▓.▓.▓∩▓.▓p▓
▓'▓.▓!▓.▓.▓.▓.▓


You could see an ice dragon, a stone giant and a wizard (wandering).

Vanquished Creatures
  Erica (D)
  4 two-headed ogres (D)
  3 ogre magi (D)
  2 centaur warriors (D)
  Urug (D)
  Sonja (D)
  A lindwurm (D)
  A cyclops (D)
  2 orc knights (D)
  An ugly thing (D)
  A deep elf pyromancer (D)
  Joseph (D)
  Maurice (D)
  3 black mambas (D)
  2 cane toads (D)
  A gargoyle (D)
  A rime drake (shapeshifter) (D)
  2 efreet (D)
  A komodo dragon (D)
  A polar bear (D)
  A troll (D)
  A blink frog (D)
  A slime creature (D)
  A shadow (D)
  A wyvern (D)
  A yak (D)
  A basilisk (D)
  2 water moccasins (D)
  10 orc warriors (D)
  7 black bears (D)
  3 ogres (D)
  A wolf (D)
  4 bullfrogs (D)
  A killer bee (D)
  A howler monkey (D)
  A hound (D)
  6 orc priests (D)
  3 iguanas (D)
  A hell rat (D)
  4 orc wizards (D)
  6 orcs (D)
  A giant cockroach (D)
  A hobgoblin (D)
  A kobold (D)
  2 rats (D)
93 creatures vanquished.

Vanquished Creatures (collateral kills)
  2 ogre magi (D)
  A two-headed ogre (D)
  A slime creature (D)
4 creatures vanquished.

Vanquished Creatures (others)
  An ogre mage (D)
  A basilisk (D)
2 creatures vanquished.

Grand Total: 99 creatures vanquished

Notes
Turn   | Place    | Note
-------+----------+-------------------------------------------
     0 | D        | 27snakeeyes612 the Minotaur Berserker began the quest for
                  | the Orb.
     0 | D        | Reached XP level 1. HP: 19/19 MP: 0/0
    10 | D        | Reached skill level 4 in Maces & Flails
    12 | D        | Reached ** piety under Trog
   131 | D        | Noticed a howler monkey
   131 | D        | Noticed a hound
   131 | D        | Noticed an iguana
   131 | D        | Noticed an iguana
   131 | D        | Noticed an iguana
   135 | D        | Killed a howler monkey
   136 | D        | Reached skill level 6 in Maces & Flails
   136 | D        | Reached XP level 2. HP: 30/30 MP: 1/1
   136 | D        | Reached XP level 3. HP: 37/37 MP: 2/2
   138 | D        | Reached *** piety under Trog
   139 | D        | Reached skill level 7 in Maces & Flails
   139 | D        | Reached XP level 4. HP: 45/45 MP: 3/3
   143 | D        | Reached skill level 8 in Maces & Flails
   146 | D        | Reached skill level 9 in Maces & Flails
   146 | D        | Reached XP level 5. HP: 53/53 MP: 4/4
   153 | D        | Found a snail-covered altar of Cheibriados.
   153 | D        | Found a shadowy altar of Dithmenos.
   153 | D        | Found a white marble altar of Elyvilon.
   153 | D        | Found a blossoming altar of Fedhas.
   153 | D        | Found an opulent altar of Gozag.
   154 | D        | Found a hazy altar of Hepliaklqana.
   155 | D        | Found a viscous altar of Jiyva.
   156 | D        | Found an ancient bone altar of Kikubaaqudgha.
   157 | D        | Found a corrupted altar of Lugonu.
   158 | D        | Found a burning altar of Makhleb.
   159 | D        | Found a sparkling altar of Nemelex Xobeh.
   160 | D        | Found an iron altar of Okawaru.
   161 | D        | Found a stormy altar of Qazlal.
   162 | D        | Found a sacrificial altar of Ru.
   163 | D        | Found a shimmering blue altar of Sif Muna.
   164 | D        | Found a bloodstained altar of Trog.
   165 | D        | Found a hide-covered altar of Uskayaw.
   166 | D        | Found a radiant altar of Vehumet.
   167 | D        | Found an ornate altar of the Wu Jian Council.
   168 | D        | Found a shimmering altar of Xom.
   169 | D        | Found a basalt altar of Yredelemnul.
   170 | D        | Found a glowing silver altar of Zin.
   171 | D        | Found a glowing golden altar of the Shining One.
   221 | D        | Noticed a troll
   221 | D        | Noticed a yak
   232 | D        | Reached **** piety under Trog
   233 | D        | Reached skill level 10 in Maces & Flails
   233 | D        | Reached skill level 5 in Armour
   236 | D        | Reached skill level 5 in Dodging
   237 | D        | Killed a troll
   238 | D        | Reached skill level 10 in Fighting
   238 | D        | Reached skill level 12 in Maces & Flails
   238 | D        | Reached XP level 6. HP: 67/67 MP: 5/5
   244 | D        | Killed a yak
   244 | D        | Reached ***** piety under Trog
   245 | D        | Reached skill level 13 in Maces & Flails
   245 | D        | Reached XP level 7. HP: 74/74 MP: 6/6
   286 | D        | Noticed a slime creature
   286 | D        | Noticed a centaur warrior
   286 | D        | Noticed a shadow
   286 | D        | Noticed a gargoyle
   286 | D        | Noticed a slime creature
   286 | D        | Noticed a white ugly thing
   294 | D        | Killed a slime creature
   300 | D        | Killed a centaur warrior
   301 | D        | Reached skill level 15 in Maces & Flails
   301 | D        | Reached XP level 8. HP: 86/86 MP: 7/7
   305 | D        | Killed a gargoyle
   306 | D        | Reached skill level 16 in Maces & Flails
   309 | D        | Killed a slime creature
   310 | D        | Reached XP level 9. HP: 68/95 MP: 8/8
   315 | D        | Killed a white ugly thing
   316 | D        | Reached skill level 17 in Maces & Flails
   605 | D        | Noticed a black mamba
   605 | D        | Noticed a cane toad
   612 | D        | Reached skill level 15 in Fighting
   616 | D        | Killed a black mamba
   616 | D        | Received a gift from Trog
   617 | D        | Noticed a cane toad
   619 | D        | Noticed a komodo dragon
   620 | D        | Killed a cane toad
   625 | D        | Reached skill level 18 in Maces & Flails
   631 | D        | Killed a cane toad
   635 | D        | Killed a komodo dragon
   636 | D        | Reached XP level 10. HP: 81/107 MP: 9/9
   727 | D        | Noticed a black mamba
   728 | D        | Noticed a lindwurm
   733 | D        | Noticed a black mamba
   734 | D        | Killed a black mamba
   735 | D        | Reached skill level 10 in Dodging
   738 | D        | Reached ****** piety under Trog
   739 | D        | Reached skill level 19 in Maces & Flails
   743 | D        | Killed a lindwurm
   744 | D        | Reached skill level 10 in Armour
   745 | D        | Killed a black mamba
   792 | D        | Received a gift from Trog
   793 | D        | Reached skill level 20 in Maces & Flails
   874 | D        | Noticed Maurice
   888 | D        | Killed Maurice
   888 | D        | Received a gift from Trog
   913 | D        | Noticed Erica
   925 | D        | Killed Erica
   926 | D        | Reached skill level 1 in Stealth
   969 | D        | Noticed Urug
   975 | D        | Killed Urug
   976 | D        | Reached skill level 21 in Maces & Flails
   976 | D        | Reached XP level 11. HP: 121/121 MP: 10/10
  1057 | D        | Received a gift from Trog
  1069 | D        | Identified the +2 battleaxe "Yseppif" {vorpal, +Blink rElec
                  | rC+} (Trog gifted it to you in the Dungeon)
  1069 | D        | Received a gift from Trog
  1219 | D        | Noticed an orc knight
  1232 | D        | Noticed an orc knight
  1237 | D        | Killed an orc knight
  1242 | D        | Received a gift from Trog
  1254 | D        | Killed an orc knight
  1486 | D        | Found Ocuikhly's Antique Weapon Emporium.
  1486 | D        | Noticed an ogre mage
  1486 | D        | Noticed a two-headed ogre
  1487 | D        | Noticed an ogre mage
  1489 | D        | Noticed a two-headed ogre
  1490 | D        | Killed an ogre mage
  1490 | D        | Received a gift from Trog
  1491 | D        | Reached skill level 22 in Maces & Flails
  1491 | D        | Found Zyngot Tusi's Magic Scroll Shoppe.
  1491 | D        | Noticed a two-headed ogre
  1492 | D        | Killed a two-headed ogre
  1496 | D        | Found Xilain's General Store.
  1499 | D        | Killed an ogre mage
  1501 | D        | Killed a two-headed ogre
  1506 | D        | Killed a two-headed ogre
  1509 | D        | Found Juvustru's Magic Scroll Shoppe.
  1511 | D        | Noticed an ogre mage
  1512 | D        | Noticed a two-headed ogre
  1513 | D        | Noticed an ogre mage
  1513 | D        | Paralysed by an ogre mage for 5 turns
  1513 | D        | Noticed an ogre mage
  1515 | D        | Noticed a two-headed ogre
  1523 | D        | Killed an ogre mage
  1524 | D        | Reached skill level 23 in Maces & Flails
  1525 | D        | Killed a two-headed ogre
  1529 | D        | Killed an ogre mage
  1536 | D        | Killed an ogre mage
  1536 | D        | Received a gift from Trog
  1537 | D        | Reached XP level 12. HP: 56/136 MP: 11/11
  1542 | D        | Killed a two-headed ogre
  1968 | D        | Noticed Joseph
  2009 | D        | Killed Joseph
  2072 | D        | Bought the +8 whip "Snakebite" {venom, curare, rPois} for
                  | 1409 gold pieces
  2072 | D        | Found the +8 whip "Snakebite" {venom, curare, rPois}
  2078 | D        | Bought a scroll of blinking for 82 gold pieces
  2078 | D        | Bought a scroll of blinking for 82 gold pieces
  2146 | D        | Noticed Sonja
  2154 | D        | Killed Sonja
  2316 | D        | Noticed a centaur warrior
  2321 | D        | Reached skill level 24 in Maces & Flails
  2328 | D        | Received a gift from Trog
  2329 | D        | Noticed an ogre mage
  2334 | D        | Killed a centaur warrior
  2335 | D        | Noticed a vampire knight
  2340 | D        | Noticed an ice dragon
  2341 | D        | Noticed a stone giant
  2345 | D        | Killed an ogre mage
  2355 | D        | Demolished by a vampire knight

Illustrated notes

Levels and vault maps discovered:
D:        linesprint [early_d, line_temple, items_1, d_10, items_2, lair_1,
          lair_end, items_3, orc_1, orc_end, items_4, d_15, swamp_1, shoals_1,
          snake_1, spider_1, d_20, vaults_1, items_5, swamp_end, shoals_end,
          snake_end, spider_end, vaults_end, d_27, items_6, zot_1, zot_end,
          crypt_end, forest_end, elf_end, slime_end, tomb_end, abyss_end,
          pan_hell_end]

Skill      XL: |  1  2  3  4  5  6  7  8  9 10 11 12 |
---------------+-------------------------------------+-----
Fighting       | 6 8 10 11 13 14 16 18 21 22 | 22.3
Maces & Flails | 6 7 9 12 13 15 16 18 21 23 24 | 24.3
Armour         | 3 4 5 6 7 8 9 10 12 13 | 13.7
Dodging        | 3 4 5 6 7 8 9 10 11 | 11.8
Stealth        | 1 2 |  2.2

Action                   |  1- 3 |  4- 6 |  7- 9 | 10-12 || total
-------------------------+-------+-------+-------+-------++-------
Melee: Mace              |    16 |     5 |       |       ||    21
       Headbutt          |     3 |     5 |     9 |    39 ||    56
       Punch             |     1 |       |       |       ||     1
       Dire flail        |       |    17 |    43 |    96 ||   156
       Great mace        |       |       |       |    33 ||    33
       Whip              |       |       |       |    29 ||    29
Invok: Berserk           |     1 |     1 |     2 |     7 ||    11
       Trog's Hand       |     1 |     1 |     1 |     3 ||     6
       Brothers in Arms  |       |       |     1 |     2 ||     3
  Use: Potion            |       |       |       |     1 ||     1
Armor: Scale mail        |       |     5 |     8 |    22 ||    35
       Plate armour      |       |       |       |    21 ||    21
Dodge: Dodged            |     9 |     5 |     9 |    73 ||    96

Table legend: (Time is in decaauts)
 A = Elapsed time spent in this place.
 B = Non-inter-level travel time spent in this place.
 C = Inter-level travel time spent in this place.
 D = Time resting spent in this place.
 E = Time spent auto-exploring this place.
 F = Levels seen in this place.
 G = Mean time per level.
                   A        B        C        D        E       F      G
               +--------+--------+--------+--------+--------+-----+--------+
         Total |   2361 |   2319 |     42 |    577 |   1076 |   1 | 2361.0 |
       Dungeon |   2361 |   2319 |     42 |    577 |   1076 |   1 | 2361.0 |
               +--------+--------+--------+--------+--------+-----+--------+

Top non-repeatable levels by time:
       D: 2361 daAuts
